 Dungeon Sprint DCSS version 0.31-a0-940-gdaa99269f9 (webtiles) character file.

Game seed: 249469816952965540

8876 sircluck the Brawler (level 11, -3/127 HPs)
             Began as a Troll Berserker on Oct 20, 2023.
             Was a High Priest of Trog.
             Slain by a dream sheep (7 damage)
             ... in the Dungeon (Sprint VII: "The Pits").
             The game lasted 00:03:13 (922 turns).

sircluck the Brawler (Troll Berserker)               Turns: 922, Time: 00:03:13

Health: -3/127     AC:  7    Str: 31    XL:     11   Next: 15%
Magic:  10/10      EV: 16    Int:  3    God:    Trog [*****.]
Gold:   0          SH:  0    Dex:  9    Spells: 10/10 levels left

rFire   . .          .
                       - Unarmed
rCold   . . .        (no shield)
rNeg    . . .        n - +0 troll leather armour
rPois   .            (helmet restricted)
rElec   .            m - +0 cloak
rCorr   .            (gloves unavailable)
SInv    .            (boots unavailable)
Will    .....        (no amulet)
Stlth   +            l - +3 ring of evasion
HPRegen 2.01/turn    (no ring)
MPRegen 0.12/turn

%: no teleportation
@: no status effects
A: large, unfitting armour, claws 3, regeneration 1, shaggy fur 1, tough skin 1
a: Renounce Religion, Berserk, Trog's Hand, Brothers in Arms


You were in the Dungeon.
You worshipped Trog.
Trog was extremely pleased with you.
You visited 1 branch

Inventory:

Armour
 a - a +0 animal skin
 m - a +0 cloak (worn)
 n - a +0 troll leather armour (worn)
Jewellery
 k - a +3 ring of intelligence
 l - a +3 ring of evasion (left claw)
Scrolls
 g - a scroll of blinking
 i - 2 scrolls of vulnerability
 j - a scroll of summoning
Potions
 b - 9 potions of curing
 c - 11 potions of heal wounds
 d - 3 potions of haste
 e - 4 potions of magic
 f - 3 potions of berserk rage
 h - 2 potions of invisibility


   Skills:
 + Level 13.0 Fighting
 + Level 8.2 Armour
 + Level 12.9 Dodging
 + Level 15.2 Unarmed Combat


You had 10 spell levels left.
You didn't know any spells.
Your spell library was empty.

Dungeon Overview and Level Annotations

Branches:
Dungeon (1/1)

Altars:
Ashenzari
Cheibriados
Dithmenos
Elyvilon
Fedhas
Gozag
Hepliaklqana
Kikubaaqudgha
Makhleb
Nemelex Xobeh
Okawaru
Qazlal
Ru
Sif Muna
Trog
Uskayaw
Vehumet
Wu Jian
Xom
Yredelemnul
Zin
The Shining One
Jiyva
Lugonu

Annotations:
D Eustachio


Innate Abilities, Weirdness & Mutations

You are too large for most types of armour.
You have claws for hands.
Your natural rate of healing is unusually fast.
You are covered in fur. (AC +1)
You have tough skin. (AC +1)


Message History

Unknown command.
You scratch the air elemental. You claw the air elemental!
The air elemental is heavily damaged.
The air elemental fires a burst of electricity at you.
The stunning burst hits you!
You shrug off the repeated paralysis!
* * * LOW HITPOINT WARNING * * *
The gnoll bouda barks out a call to the hunt!
The gnolls pick up the pace!
The air elemental fires a burst of electricity at you.
The stunning burst hits you but does no damage.
You shrug off the repeated paralysis!
The dream sheep bites you.
* * * LOW HITPOINT WARNING * * *
The yaktaur misses you.
Unknown command.
Unknown command.
Unknown command.
You feel much better. The air elemental barely misses you.
The air elemental hits you but does no damage.
Your deep troll bites the gnoll!
Your deep troll claws the gnoll.
The gnoll dies!
Trog accepts your kill. The dream sheep misses you.
The dream sheep are wreathed in dream dust.
You feel drowsy...
You fall asleep.
The yaktaur hits you!!!
You wake up.
* * * LOW HITPOINT WARNING * * *
The air elemental fires a burst of electricity at you.
The stunning burst hits you.
You shrug off the repeated paralysis!
* * * LOW HITPOINT WARNING * * *
Unknown command.
You claw the air elemental!
The air elemental is severely damaged.
The bat hits your deep troll.
Your deep troll closely misses the air elemental.
Your deep troll claws the air elemental!!
The air elemental is destroyed!
Trog accepts your kill.
The bat hits your deep troll but does no damage.
The dream sheep bites you!
You die... '################ ### .#.......††.....###..# . .##......††......#..# .# .####...#)######.†)# tW.

.#..#####.##...##†## .#.#
.#....##...#...#...# .r...
.†.....#.÷)#†..#...#gz@...
.'.....'..)'.(.'.)TbtYY...
.'.....#...#)..#@YY#gY.3..
.#....##...#...#.c.#


EJ... .#..#####.##...##)## .#.# .####.†.#'######...## Y.. .##...)....).....#..##
4# .#..............###..# . ################ #### You could see a snapping
turtle, a yaktaur, Eustachio, 4 dream sheep, a wight, a gnoll (swift), a bat
(summoned, ally target), a rat (summoned) and a friendly deep troll (summoned,
berserk).

Vanquished Creatures
  A two-headed ogre (D)
  A deep troll (D)
  A deep elf pyromancer (D)
  2 lindwurms (D)
  A molten gargoyle (D)
  A cane toad (D)
  An ice devil (D)
  A freezing wraith (D)
  An efreet (D)
  7 blink frogs (D)
  2 basilisks (D)
  A spriggan (D)
  A large abomination (D)
  A fire elemental (D)
  2 redbacks (D)
  A water moccasin (D)
  A swamp drake (D)
  3 wolves (D)
  An ogre (D)
  A phantom (D)
  A necrophage (D)
  2 scorpions (D)
  5 killer bees (D)
  A crimson imp (D)
  A jelly (D)
  A quasit (D)
  An orc priest (D)
  An iguana (D)
  2 orc wizards (D)
  A white imp (D)
  A worm (D)
  2 orcs (D)
  A giant cockroach (D)
  A hobgoblin (D)
  8 jackals (D)
  A bat (D)
  2 frilled lizards (D)
  A giant cockroach zombie (D)
64 creatures vanquished.

Vanquished Creatures (collateral kills)
  A demonic crawler (D)
  A black mamba (D)
  2 blink frogs (D)
  2 dream sheep (D)
  An air elemental (D)
  A wolf (D)
  A wight (D)
  3 gnolls (D)
  A giant cockroach (D)
13 creatures vanquished.

Grand Total: 77 creatures vanquished

Notes
Turn   | Place    | Note
-------+----------+-------------------------------------------
     0 | D        | sircluck the Troll Berserker began the quest for the Orb.
     0 | D        | Reached XP level 1. HP: 22/22 MP: 0/0
    11 | D        | Noticed a scorpion
    17 | D        | Killed a scorpion
    18 | D        | Reached skill level 5 in Unarmed Combat
    18 | D        | Reached XP level 2. HP: 30/32 MP: 1/1
    18 | D        | Reached XP level 3. HP: 37/39 MP: 2/2
    52 | D        | Found a bloodstained altar of Trog.
    52 | D        | Found a shimmering blue altar of Sif Muna.
    52 | D        | Found a viscous altar of Jiyva.
    52 | D        | Found a hazy altar of Hepliaklqana.
    52 | D        | Found an opulent altar of Gozag.
    53 | D        | Found a glowing golden altar of the Shining One.
    53 | D        | Found a glowing silver altar of Zin.
    53 | D        | Found a basalt altar of Yredelemnul.
    53 | D        | Found a shimmering altar of Xom.
    53 | D        | Found an ornate altar of the Wu Jian Council.
    53 | D        | Found a sacrificial altar of Ru.
    53 | D        | Found a stormy altar of Qazlal.
    53 | D        | Found an iron altar of Okawaru.
    53 | D        | Found a sparkling altar of Nemelex Xobeh.
    53 | D        | Found a burning altar of Makhleb.
    53 | D        | Found a blossoming altar of Fedhas.
    53 | D        | Found a white marble altar of Elyvilon.
    53 | D        | Found a shadowy altar of Dithmenos.
    53 | D        | Found a snail-covered altar of Cheibriados.
    57 | D        | Found a corrupted altar of Lugonu.
    57 | D        | Found a radiant altar of Vehumet.
    58 | D        | Found a broken altar of Ashenzari.
    58 | D        | Found an ancient bone altar of Kikubaaqudgha.
    58 | D        | Found a hide-covered altar of Uskayaw.
    91 | D        | Noticed a scorpion
   104 | D        | Killed a scorpion
   105 | D        | Reached skill level 5 in Fighting
   105 | D        | Reached skill level 5 in Dodging
   105 | D        | Reached skill level 6 in Unarmed Combat
   105 | D        | Reached XP level 4. HP: 18/50 MP: 3/3
   109 | D        | Reached ** piety under Trog
   175 | D        | Reached *** piety under Trog
   185 | D        | Reached **** piety under Trog
   251 | D        | Reached XP level 5. HP: 57/57 MP: 4/4
   257 | D        | Reached ***** piety under Trog
   261 | D        | Reached skill level 7 in Unarmed Combat
   267 | D        | Noticed a phantom
   272 | D        | Killed a phantom
   273 | D        | Reached XP level 6. HP: 66/68 MP: 5/5
   273 | D        | Identified the +0 battleaxe of Grandeur {heavy, rN+ Will+
                  | Stlth+} (Trog gifted it to you in the Dungeon)
   273 | D        | Received a gift from Trog
   290 | D        | Reached skill level 8 in Unarmed Combat
   291 | D        | Noticed a lindwurm
   295 | D        | Killed a lindwurm
   296 | D        | Reached skill level 10 in Unarmed Combat
   296 | D        | Reached XP level 7. HP: 28/81 MP: 6/6
   416 | D        | Noticed a basilisk
   424 | D        | Killed a basilisk
   425 | D        | Reached XP level 8. HP: 92/92 MP: 7/7
   429 | D        | Received a gift from Trog
   541 | D        | Noticed a deep troll
   549 | D        | Killed a deep troll
   550 | D        | Reached skill level 10 in Fighting
   550 | D        | Reached skill level 11 in Unarmed Combat
   551 | D        | Reached skill level 10 in Dodging
   604 | D        | Noticed a blink frog
   604 | D        | Noticed a blink frog
   607 | D        | Noticed a molten gargoyle
   610 | D        | Noticed a blink frog
   612 | D        | Killed a blink frog
   613 | D        | Reached skill level 1 in Armour
   613 | D        | Reached skill level 12 in Unarmed Combat
   613 | D        | Reached XP level 9. HP: 75/102 MP: 8/8
   613 | D        | Killed a molten gargoyle
   614 | D        | Noticed a lindwurm
   623 | D        | Killed a lindwurm
   624 | D        | Noticed an efreet
   626 | D        | Reached ****** piety under Trog
   627 | D        | Reached skill level 13 in Unarmed Combat
   632 | D        | Killed an efreet
   632 | D        | Identified the +10 short sword of Melee {flame, rN+ Will+}
                  | (Trog gifted it to you in the Dungeon)
   632 | D        | Received a gift from Trog
   672 | D        | Noticed a demonic crawler
   675 | D        | Noticed an ice devil
   677 | D        | Reached skill level 5 in Armour
   680 | D        | Killed a demonic crawler
   681 | D        | Reached XP level 10. HP: 63/115 MP: 9/9
   720 | D        | Received a gift from Trog
   733 | D        | Noticed a two-headed ogre
   737 | D        | Killed a two-headed ogre
   738 | D        | Reached skill level 14 in Unarmed Combat
   743 | D        | Received a gift from Trog
   816 | D        | Received a gift from Trog
   853 | D        | Noticed a deep elf pyromancer
   854 | D        | Noticed a cane toad
   858 | D        | Killed a cane toad
   860 | D        | Killed a deep elf pyromancer
   861 | D        | Reached XP level 11. HP: 117/126 MP: 10/10
   867 | D        | Reached skill level 15 in Unarmed Combat
   904 | D        | Identified the +10 rapier "Riesaaf" {flame, rElec} (Trog
                  | gifted it to you in the Dungeon)
   904 | D        | Received a gift from Trog
   906 | D        | Paralysed by an air elemental for 1 turns
   906 | D        | Noticed Eustachio
   909 | D        | Paralysed by an air elemental for 1 turns
   918 | D        | Paralysed by an air elemental for 1 turns
   921 | D        | HP: 2/127 [air elemental/stunning burst (6)]
   922 | D        | Slain by a dream sheep

Illustrated notes

Levels and vault maps discovered:
D:        pitsprint [storerooms_1, entrance_room_1, metal_vault_1, armoury_2,
          mini_pit_1, grid_room_1, main_hall_1, silver_pit, the_coven_1,
          the_vestibule_1, steel_vault_3, golden_pit, hallway_of_sentries,
          crystal_vault_4, iron_vault_4, final_vault]

Skill      XL: |  1  2  3  4  5  6  7  8  9 10 11 |
---------------+----------------------------------+-----
Fighting       | 4 5 6 8 9 10 11 12 13 | 13.0
Dodging        | 4 5 6 8 10 11 12 | 12.9
Unarmed Combat | 5 6 7 10 12 13 14 15 | 15.2
Armour         | 1 5 7 8 |  8.2

Action                     |  1- 3 |  4- 6 |  7- 9 | 10-12 || total
---------------------------+-------+-------+-------+-------++-------
  Melee: Unarmed           |    17 |    50 |    56 |    52 ||   175
         Punch             |       |     1 |     1 |     3 ||     5
 Invoke: Berserk           |       |       |     2 |       ||     2
         Brothers in Arms  |       |       |     2 |     4 ||     6
    Use: Potion            |       |       |       |     1 ||     1
   Stab: Sleeping          |     1 |       |       |       ||     1
 Armour: Animal skin       |    10 |    43 |    12 |       ||    65
         Troll leather arm |       |       |    22 |    45 ||    67
  Dodge: Dodged            |     6 |    28 |    42 |    33 ||   109

Table legend: (Time is in decaauts)
 A = Elapsed time spent in this place.
 B = Non-inter-level travel time spent in this place.
 C = Inter-level travel time spent in this place.
 D = Time resting spent in this place.
 E = Time spent auto-exploring this place.
 F = Levels seen in this place.
 G = Mean time per level.
                   A        B        C        D        E       F      G
               +--------+--------+--------+--------+--------+-----+--------+
         Total |    906 |    894 |     12 |    225 |    156 |   1 |  906.0 |
       Dungeon |    906 |    894 |     12 |    225 |    156 |   1 |  906.0 |
               +--------+--------+--------+--------+--------+-----+--------+

Top non-repeatable levels by time:
       D: 906 daAuts
